 Dungeon Crawl Stone Soup version 0.31-a0-232-gb1c03b2570 (webtiles) character file.

Game seed: 5370000920363939676

41 qw the Shooter (level 3, 0/21 HPs)
             Began as a Gargoyle Hexslinger on July 7, 2023.
             Slain by a gnoll
             ... wielding a +0 whip
             ... led by a gnoll bouda
              (4 damage)
             ... on level 2 of the Dungeon.
             The game lasted 00:00:23 (1641 turns).

qw the Shooter (Gargoyle Hexslinger)                Turns: 1641, Time: 00:00:24

Health: 0/21       AC:  8    Str: 11    XL:     3   Next: 52%
Magic:  4/4        EV: 10    Int: 13    God:
Gold:   117        SH:  0    Dex: 14    Spells: 3/4 levels left

rFire   . . .        Y - +1 sling
rCold   . . .        (no shield)
rNeg    + . .        f - +0 ring mail
rPois   inf          (no helmet)
rElec   +            (no cloak)
rCorr   .            (no gloves)
SInv    .            (no boots)
Will    .....        e - amulet of the acrobat
Stlth   +            (no ring)
HPRegen 0.23/turn    (no ring)
MPRegen 0.09/turn

%: acrobat
@: no status effects
A: sickness immunity, AC +3, negative energy resistance 1, electricity
resistance, torment resistance 1, petrification resistance
a: no special abilities


You were on level 2 of the Dungeon.
You visited 1 branch of the dungeon, and saw 2 of its levels.

You collected 117 gold pieces.


Innate Abilities, Weirdness & Mutations

You are immune to sickness and miasma.
Your stone body is resilient. (AC +3)
You are immune to poison.
You resist negative energy. (rN+)
You are resistant to electric shocks. (rElec)
You are resistant to unholy torment.
You are immune to petrification.


   Skills:
 - Level 2.1 Fighting
 + Level 3.3 Ranged Weapons
 - Level 1.5 Dodging
 - Level 1.0 Spellcasting
 - Level 2.6 Hexes


You had 3 spell levels left.
You knew the following spells:

 Your Spells              Type           Power      Damage    Failure   Level
a - Slow                  Hex            28%        N/A       22%         1

Your spell library contained the following spells:

 Spells                   Type           Power      Damage    Failure   Level
 Inner Flame              Hex/Fire       4%         N/A       75%         3
 Portal Projectile        Hex/Tloc       8%         N/A       75%         3
 Cause Fear               Hex            3%         N/A       92%         4

Inventory:

Hand Weapons
 Y - a +1 sling (weapon)
Armour
 f - a +0 ring mail (worn)
Jewellery
 e - an amulet of the acrobat (around neck)
Potions
 a - a potion of berserk rage {unknown}
 b - a potion of haste {unknown}
 g - a potion of lignification {unknown}

Dungeon Overview and Level Annotations

Branches:
Dungeon (2/15)

Altars:

Shops:
D:1 (


Message History

The gnoll bouda barks out a call to the hunt!
The gnoll picks up the pace!
Enter note:
Enter note:
Enter note:
Enter note: You shoot a sling bullet.
The gnoll shouts!
The sling bullet hits the gnoll.
The gnoll is moderately wounded.
A gnoll comes into view. It is wielding a +0 whip.
A gnoll comes into view. It is wielding a +0 halberd.
The gnoll moves out of view.
You shoot a sling bullet.
The sling bullet closely misses the gnoll bouda.
The gnoll shouts!
You hear a shout!
You shoot a sling bullet.
The sling bullet completely misses the gnoll.
The sling bullet closely misses the gnoll bouda.
The sling bullet closely misses the gnoll.
The gnoll bouda calls upon its god to heal the gnoll.
The gnoll's wounds heal themselves!
You shoot a sling bullet. The sling bullet hits the gnoll!
The gnoll is heavily wounded.
The gnoll closely misses you. The gnoll barely misses you.
You shoot a sling bullet.
The sling bullet hits the gnoll but does no damage.
The gnoll hits you from afar with a +0 halberd.
The gnoll hits you with a +0 whip. The gnoll hits you but does no damage.
You shoot a sling bullet.
The sling bullet hits the gnoll but does no damage.
The gnoll hits you from afar with a +0 halberd!
The gnoll closely misses you. The gnoll barely misses you.
The gnoll hits you from afar with a +0 halberd.
You shoot a sling bullet. The sling bullet hits the gnoll!
The gnoll is heavily wounded.
The gnoll bouda hits you but does no damage.
The gnoll barely misses you. The gnoll hits you with a +0 whip.
You die...

'.........# #.........%[#.#..#
######....### ####........#.#.##
............#######........#.#.##
.................................
.....[.#####..#####.####.....##.#
##7..7## ##.### #.# #..... #.#
77..77######...###'####.... ..#
77[.P.7.....###............# ####
..P777......# ##@g.........#
...77...)...# #gg.........#
..P7######### #g..........# P777#
#........######### 777.#
........#.# #..... .##.##
...[.....#... #.#### .....#
.........###. )....# ........# ##
####.# #.


You could see a gnoll bouda and 3 gnolls.

Vanquished Creatures
  An adder (D:2)
  2 dart slugs (D:2)
  3 ball pythons
  2 bats (D:2)
  4 endoplasms
  3 giant cockroaches
  2 goblins
  A hobgoblin (D:2)
  2 kobolds
  A frilled lizard (D:1)
  4 rats (D:2)
25 creatures vanquished.

Notes
Turn   | Place    | Note
-------+----------+-------------------------------------------
     0 | D:1      | qw the Gargoyle Hexslinger began the quest for the Orb.
     0 | D:1      | Reached XP level 1. HP: 12/12 MP: 2/2
     0 | D:1      | 0 ||| qw: Version: 0.3-a-46-gb1f654a
     0 | D:1      | 0 ||| qw: Game counter: 2318
     0 | D:1      | 0 ||| qw: Melee chars always use a shield: true
     0 | D:1      | 0 ||| qw: God list: Okawaru
     0 | D:1      | 0 ||| qw: Allow faded altars: false
     0 | D:1      | 0 ||| qw: Do Orc after clearing Dungeon:15 true
     0 | D:1      | 0 ||| qw: Do second Lair branch before Depths: true
     0 | D:1      | 0 ||| qw: Lair rune preference: random
     0 | D:1      | 0 ||| qw: Goals: Normal
     0 | D:1      | 0 ||| PLANNING D:1-11
   172 | D:1      | Found Oskeloux's Antique Weapon Emporium.
   426 | D:1      | Reached XP level 2. HP: 16/16 MP: 3/3
   567 | D:1      | Reached skill level 3 in Ranged Weapons
  1042 | D:1      | 1042 ||| UPGRADING to +0 ring mail.
  1052 | D:1      | 1052 ||| DROPPING +0 robe.
  1053 | D:1      | 1053 ||| UPGRADING to amulet of the acrobat.
  1058 | D:1      | 1058 ||| READING scroll labelled ETOREU CIRGHIG.
  1159 | D:1      | 1159 ||| READING scroll labelled XEG SENEIKK.
  1162 | D:1      | 1162 ||| READING scroll labelled OZXU UKKURAR.
  1175 | D:1      | 1175 ||| DROPPING scroll of poison.
  1352 | D:2      | Reached XP level 3. HP: 21/21 MP: 4/4
  1640 | D:2      | HP: 5/21 [gnoll/+0 halberd[a gnoll bouda] (9)]
  1641 | D:2      | Slain by a gnoll

Levels and vault maps discovered:
D:1:      dpeg_arrival_signposts, layout_loops_corners, serial_shops, shop,
          minmay_quantized
D:2:      layout_basic, serial_forest, infiniplex_forest_diagonal,
          infiniplex_forest_lined_3_way, infiniplex_forest_straight_2,
          infiniplex_forest_lined_room_, infiniplex_forest_diagonal,
          infiniplex_forest_lined_ring

Skill      XL: |  1  2 |
---------------+-------+-----
Ranged Weapons | 3 |  3.3
Fighting       | 2 |  2.1
Dodging        | |  1.5
Spellcasting   | |  1.0
Hexes          | |  2.6

Action                     || total
---------------------------++-------
   Fire: Sling             ||    81
    Use: Scroll            ||     3
 Armour: Robe              ||     2
         Ring mail         ||    14
  Dodge: Dodged            ||    18

Table legend:
 A = Non-vault XP
 B = Vault XP
 C = Vault XP percentage of total XP
 D = Non-vault monster count
 E = Vault monster count
 F = Vault count percentage of total count
                 A         B        C        D         E       F
            +---------+---------+-------+---------+---------+-------
      Total |      50 |       9 |  15.3 |      20 |       5 |  20.0
            +---------+---------+-------+---------+---------+-------
        D:1 |      10 |       9 |  47.4 |       5 |       5 |  50.0
        D:2 |      40 |       0 |   0.0 |      15 |       0 |   0.0
            +---------+---------+-------+---------+---------+-------
